Spitfire vs Punishers (R1)

Created - 5 novembre 2012 at 19:08

Simulating a Pre-Season

Goals
1 2 3 T
Spitfire 0 3 0 3
Punishers 1 2 1 4
Shots
1 2 3 T
Spitfire 9 16 6 31
Punishers 9 10 7 26

1st period

1. Punishers , Leo Komarov 1 (Shawn Thornton) at 17:11

Penalties :
Kris Chucko (Pro) for Hooking (Minor) at 8:21

2nd period

2. Punishers , Joe Vitale 2 (Kris Chucko, Jason Gregoire) at 2:53
3. Spitfire , Matt Ellis 1 (Arron Asham, Boris Mironov) at 6:14
4. Spitfire , Martin Samuelsson 5 (Derick Brassard, Eric Fehr) at 6:24
5. Spitfire , Eric Fehr 4 (Martin Samuelsson, Derick Brassard) at 8:20
6. Punishers , Petteri Nokelainen 4 (Jean-Luc Grand-Pierre, Kirk Maltby) at 19:42 (PP)

Penalties :
Stu Bickel (Pro) for Holding (Minor) at 4:02, Derick Brassard (Val) for Roughing (Minor) at 4:02, Kevin Klein (Val) for Hooking (Minor) at 9:19, Kris Beech (Val) for Tripping (Minor) at 9:26, Jean-Michel Daoust (Pro) for Holding (Minor) at 13:28, Matt Ellis (Val) for Unsportsmanlike conduct (Major / Game Misconduct) at 13:28, Kirk Maltby (Pro) for Roughing (Minor) at 15:56, Mathieu Roy (Val) for High sticking (Double Minor) at 19:28

3rd period

7. Punishers , Jean-Michel Daoust 1 (Kris Chucko, Adam McQuaid) at 2:29

Penalties :
Boris Mironov (Val) for Tripping (Minor) at 4:09, Aaron Palushaj (Pro) for Hooking (Minor) at 18:02

Goalie Stats

Todd Ford (Val), 22 saves from 26 shots - (0,846), L, 0-1-0, 60:00 minutes
Karri Ramo (Pro), 28 saves from 31 shots - (0,903), W, 1-2-0, 60:00 minutes

Players Stats for Spitfire

Player Name              G  A  P  +/- PIM S  H  SB GA TA FO     MP     PP MP  PK MP  
------------------------------------------------------------------------------------
Arron Asham              0  1  1   1  0   2  2  1  0  0  1/2    11:15   0:45   1:39 
Boris Mironov            0  1  1   0  2   0  0  1  0  2  0/0    27:18   2:01   3:14 
David Krejci             0  0  0   0  0   1  0  0  1  0  6/10   15:11   1:03   1:22 
Derick Brassard          0  2  2   0  2   5  2  2  1  1  11/27  19:56   2:05   1:16 
Devin Setoguchi          0  0  0   0  0   4  2  0  0  0  3/4    16:52   1:06   0:00 
Dick Tarnstrom           0  0  0   0  0   2  3  2  0  2  0/0    25:46   2:10   4:28 
Eric Fehr                1  1  2  -1  0   4  6  0  0  0  2/2    19:50   2:05   0:14 
Keith Yandle             0  0  0  -1  0   1  0  0  0  0  0/0    15:30   0:00   1:43 
Kevin Klein              0  0  0  -1  2   2  0  1  0  0  0/0    23:53   1:46   2:27 
Kris Beech               0  0  0   0  2   0  1  0  0  2  6/10   14:46   0:44   3:12 
Marc-Antoine Pouliot     0  0  0   0  0   2  0  0  0  0  1/1     7:14   0:04   0:00 
Martin Samuelsson        1  1  2  -1  0   4  1  2  0  1  0/0    18:33   2:05   1:23 
Mathieu Roy              0  0  0   1  4   1  0  1  0  0  0/0    10:58   0:09   0:00 
Matt Ellis               1  0  1   1  15  1  0  0  0  0  0/0     6:50   0:45   0:00 
Matt Walker              0  0  0   1  0   1  0  3  0  1  0/0    16:46   1:46   2:51 
Sergei Kostitsyn         0  0  0   0  0   0  2  0  0  0  0/1    13:50   1:06   0:00 
Shean Donovan            0  0  0   0  0   0  2  1  0  0  1/1    13:23   0:00   3:34 
Tim Kennedy              0  0  0   0  0   1  0  0  1  0  0/0     6:55   0:00   0:00 

Players Stats for Punishers

Player Name              G  A  P  +/- PIM S  H  SB GA TA FO     MP     PP MP  PK MP  
------------------------------------------------------------------------------------
Aaron Palushaj           0  0  0   1  2   0  1  0  0  0  0/1    10:54   0:03   0:00 
Adam McQuaid             0  1  1  -1  0   2  1  1  0  0  0/0    18:24   0:00   0:22 
Adam Pineault            0  0  0   0  0   1  1  0  1  0  0/0    13:06   4:32   0:58 
Andrew Bodnarchuk        0  0  0   0  0   0  1  0  0  0  0/0    17:33   0:00   0:00 
Jason Gregoire           0  1  1   0  0   3  0  0  0  0  0/0    11:10   0:00   0:00 
Jassen Cullimore         0  0  0   0  0   1  1  1  1  0  0/0    21:28   4:39   2:08 
Jean-Luc Grand-Pierre    0  1  1   0  0   4  2  0  1  0  0/0    21:50   4:39   2:08 
Jean-Michel Daoust       1  0  1   0  2   1  2  1  0  0  0/0    13:48   0:05   0:00 
Joe Vitale               1  0  1  -1  0   1  0  0  0  0  11/26  16:29   0:07   0:07 
Kirk Maltby              0  1  1   0  2   1  2  1  0  0  4/5    15:29   4:40   2:03 
Kris Chucko              0  2  2  -1  2   4  0  0  2  0  2/2    17:24   0:08   0:44 
Leo Komarov              1  0  1   1  0   2  3  0  0  0  5/9    12:16   0:00   0:48 
Matt Carkner             0  0  0   0  0   1  1  2  1  0  0/0    21:12   2:40   1:48 
Mike Blunden             0  0  0   0  0   0  0  1  0  0  0/0    13:52   2:35   0:00 
Petteri Nokelainen       1  0  1   0  0   1  1  0  0  2  3/10   13:06   4:32   0:58 
Ryan White               0  0  0   0  0   1  0  1  1  0  2/4    13:46   2:34   0:00 
Shawn Thornton           0  1  1   1  0   3  6  2  2  0  0/1    18:08   2:40   1:52 
Stu Bickel               0  0  0   0  2   0  1  0  0  1  0/0    20:07   2:40   1:48 

3 Stars

1 - Eric Fehr (Val)
2 - Leo Komarov (Pro)
3 - Shawn Thornton (Pro)

Power Play

Spitfire - 0 on 3 Attempt(s) - 0,00%
Punishers - 1 on 5 Attempt(s) - 20,00%

Penalty Kill

Spitfire - 4 on 5 Attempt(s) - 80,00% - Score 0 goal in Penalty Kill
Punishers - 3 on 3 Attempt(s) - 100,00% - Score 0 goal in Penalty Kill

Official

Referees : Martell Rob and Banfield David
Linesman : Tony Sericolo and Jonny Murray

Game Notes

Matt Ellis ejected from game at 13:28 of 2nd period
Matt Ellis from Spitfire is suspended for 1 game(s)

Spitfire

5 vs 5 Forward 
   Center                   Left Wing                Right Wing               Time % Phy DF OF 
 1 Derick Brassard          Martin Samuelsson        Eric Fehr                40     1   2  2  
 2 David Krejci             Sergei Kostitsyn         Devin Setoguchi          30     1   2  2  
 3 Kris Beech               Matt Ellis               Shean Donovan            20     1   2  2  
 4 Marc-Antoine Pouliot     Tim Kennedy              Arron Asham              10     1   2  2  

5 vs 5 Defense 
   Defense                  Defense                                           Time % Phy DF OF 
 1 Boris Mironov            Kevin Klein                                       40     1   2  2  
 2 Dick Tarnstrom           Keith Yandle                                      30     1   2  2  
 3 Mathieu Roy              Matt Walker                                       20     1   2  2  
 4 Boris Mironov            Dick Tarnstrom                                    10     1   2  2  

PowerPlay Forward 
   Center                   Left Wing                Right Wing               Time % Phy DF OF 
 1 Derick Brassard          Martin Samuelsson        Eric Fehr                60     1   2  2  
 2 David Krejci             Sergei Kostitsyn         Devin Setoguchi          40     1   2  2  

PowerPlay Defense
   Defense                  Defense                                           Time % Phy DF OF 
 1 Boris Mironov            Dick Tarnstrom                                    60     1   2  2  
 2 Kevin Klein              Matt Walker                                       40     1   2  2  

Penalty Kill 4 Players Forward 
   Center                   Wing                     Time % Phy DF OF 
 1 Kris Beech               Shean Donovan            60     1   2  2  
 2 Derick Brassard          Martin Samuelsson        40     1   2  2  

Penalty Kill 4 Players Defense
   Defense                  Defense                  Time % Phy DF OF 
 1 Boris Mironov            Dick Tarnstrom           60     1   2  2  
 2 Kevin Klein              Matt Walker              40     1   2  2  

Penalty Kill - 3 Players Forward 
   Forward                                           Time % Phy DF OF 
 1 Kris Beech                                        60     1   2  2  
 2 Shean Donovan                                     40     1   2  2  

Penalty Kill - 3 Players Defense
   Defense                  Defense                  Time % Phy DF OF 
 1 Boris Mironov            Dick Tarnstrom           60     1   2  2  
 2 Kevin Klein              Matt Walker              40     1   2  2  

4 vs 4 Forward 
   Center                   Wing                     Time % Phy DF OF 
 1 Derick Brassard          Eric Fehr                60     1   2  2  
 2 David Krejci             Devin Setoguchi          40     1   2  2  

4 vs 4 Defense
   Defense                  Defense                  Time % Phy DF OF 
 1 Boris Mironov            Dick Tarnstrom           60     1   2  2  
 2 Kevin Klein              Matt Walker              40     1   2  2  

Last Minutes Offensive
   Center                   Left Wing                Right Wing               Defense                  Defense                  
   Derick Brassard          Martin Samuelsson        Shean Donovan            Boris Mironov            Dick Tarnstrom           

Last Minutes Defensive
   Center                   Left Wing                Right Wing               Defense                  Defense                  
   Derick Brassard          Martin Samuelsson        Shean Donovan            Boris Mironov            Dick Tarnstrom           

Goaltenders
Starting : Todd Ford                
Backup : Marc Denis               

Extra Forwards
Normal : Devin Setoguchi, Kris Beech, Arron Asham - PP : Devin Setoguchi, Kris Beech - PK : Arron Asham
Extra Defensemen
Normal : Mathieu Roy, Keith Yandle, Kevin Klein - PP : Mathieu Roy - PK : Keith Yandle, Kevin Klein
Penalty Shots
Shean Donovan, Eric Fehr, Martin Samuelsson, Derick Brassard, David Krejci

Punishers

5 vs 5 Forward 
   Center                   Left Wing                Right Wing               Time % Phy DF OF 
 1 Joe Vitale               Kris Chucko              Jean-Michel Daoust       40     1   2  2  
 2 Leo Komarov              Shawn Thornton           Aaron Palushaj           30     1   2  2  
 3 Ryan White               Jason Gregoire           Mike Blunden             20     1   2  2  
 4 Petteri Nokelainen       Kirk Maltby              Adam Pineault            10     1   2  2  

5 vs 5 Defense 
   Defense                  Defense                                           Time % Phy DF OF 
 1 Adam McQuaid             Andrew Bodnarchuk                                 40     1   2  2  
 2 Matt Carkner             Stu Bickel                                        30     1   2  2  
 3 Jassen Cullimore         Jean-Luc Grand-Pierre                             20     1   2  2  
 4 Jassen Cullimore         Jean-Luc Grand-Pierre                             10     1   2  2  

PowerPlay Forward 
   Center                   Left Wing                Right Wing               Time % Phy DF OF 
 1 Petteri Nokelainen       Kirk Maltby              Adam Pineault            60     1   2  2  
 2 Ryan White               Shawn Thornton           Mike Blunden             40     1   2  2  

PowerPlay Defense
   Defense                  Defense                                           Time % Phy DF OF 
 1 Jassen Cullimore         Jean-Luc Grand-Pierre                             60     1   2  2  
 2 Matt Carkner             Stu Bickel                                        40     1   2  2  

Penalty Kill 4 Players Forward 
   Center                   Wing                     Time % Phy DF OF 
 1 Kirk Maltby              Shawn Thornton           60     1   2  2  
 2 Adam Pineault            Petteri Nokelainen       40     1   2  2  

Penalty Kill 4 Players Defense
   Defense                  Defense                  Time % Phy DF OF 
 1 Jassen Cullimore         Jean-Luc Grand-Pierre    60     1   2  2  
 2 Matt Carkner             Stu Bickel               40     1   2  2  

Penalty Kill - 3 Players Forward 
   Forward                                           Time % Phy DF OF 
 1 Kirk Maltby                                       60     1   2  2  
 2 Shawn Thornton                                    40     1   2  2  

Penalty Kill - 3 Players Defense
   Defense                  Defense                  Time % Phy DF OF 
 1 Jassen Cullimore         Jean-Luc Grand-Pierre    60     1   2  2  
 2 Matt Carkner             Stu Bickel               40     1   2  2  

4 vs 4 Forward 
   Center                   Wing                     Time % Phy DF OF 
 1 Kirk Maltby              Shawn Thornton           60     1   2  2  
 2 Adam Pineault            Petteri Nokelainen       40     1   2  2  

4 vs 4 Defense
   Defense                  Defense                  Time % Phy DF OF 
 1 Jassen Cullimore         Jean-Luc Grand-Pierre    60     1   2  2  
 2 Matt Carkner             Stu Bickel               40     1   2  2  

Last Minutes Offensive
   Center                   Left Wing                Right Wing               Defense                  Defense                  
   Petteri Nokelainen       Kirk Maltby              Adam Pineault            Jassen Cullimore         Jean-Luc Grand-Pierre    

Last Minutes Defensive
   Center                   Left Wing                Right Wing               Defense                  Defense                  
   Petteri Nokelainen       Kirk Maltby              Adam Pineault            Jassen Cullimore         Jean-Luc Grand-Pierre    

Goaltenders
Starting : Karri Ramo               
Backup : Curtis McElhinney        

Extra Forwards
Normal : Kris Chucko, Joe Vitale, Leo Komarov - PP : Kris Chucko, Joe Vitale - PK : Leo Komarov
Extra Defensemen
Normal : Adam McQuaid, Andrew Bodnarchuk, Matt Carkner - PP : Adam McQuaid - PK : Andrew Bodnarchuk, Matt Carkner
Penalty Shots
Kirk Maltby, Shawn Thornton, Adam Pineault, Petteri Nokelainen, Kris Chucko

% Time on Ice - Spitfire

Lines # - Real PCT - Wanted PCT - Time Play
Normal Forward
1 - 35% - 40% - 15:07
2 - 27% - 30% - 11:30
3 - 22% - 20% - 9:16
4 - 16% - 10% - 6:55
Normal Defense
1 - 39% - 40% - 16:41
2 - 32% - 30% - 13:46
3 - 24% - 20% - 10:23
4 - 5% - 10% - 1:58
PP Forward
1 - 66% - 60% - 2:35
2 - 34% - 40% - 1:21
PP Defense
1 - 55% - 60% - 2:10
2 - 45% - 40% - 1:46
PK Forward
1 - 88% - 60% - 4:47
2 - 12% - 40% - 0:40
PK Defense
1 - 62% - 60% - 3:23
2 - 38% - 40% - 2:04
PK3 Forward
1 - 100% - 60% - 1:52
2 - 0% - 40% - 0:00
PK3 Defense
1 - 47% - 60% - 0:53
2 - 53% - 40% - 0:59
44 Forward
1 - 81% - 60% - 4:50
2 - 19% - 40% - 1:07
44 Defense
1 - 66% - 60% - 3:54
2 - 34% - 40% - 2:03
Last Minute Offensive  - 0:00
Last Minute Defensive  - 0:00
Total
Forward - 60:00
Defense - 60:00

% Time on Ice - Punishers

Lines # - Real PCT - Wanted PCT - Time Play
Normal Forward
1 - 33% - 40% - 14:06
2 - 26% - 30% - 10:59
3 - 26% - 20% - 11:10
4 - 15% - 10% - 6:33
Normal Defense
1 - 44% - 40% - 18:59
2 - 32% - 30% - 13:53
3 - 18% - 20% - 7:51
4 - 5% - 10% - 2:05
PP Forward
1 - 64% - 60% - 4:41
2 - 36% - 40% - 2:38
PP Defense
1 - 64% - 60% - 4:39
2 - 36% - 40% - 2:40
PK Forward
1 - 75% - 60% - 2:58
2 - 25% - 40% - 0:58
PK Defense
1 - 54% - 60% - 2:08
2 - 46% - 40% - 1:48
PK3 Forward
1 - 0% - 60%
2 - 0% - 40%
PK3 Defense
1 - 0% - 60%
2 - 0% - 40%
44 Forward
1 - 85% - 60% - 5:03
2 - 15% - 40% - 0:54
44 Defense
1 - 55% - 60% - 3:18
2 - 45% - 40% - 2:39
Last Minute Offensive  - 0:00
Last Minute Defensive  - 0:00
Total
Forward - 60:00
Defense - 60:00

Play by Play

1st period


0:01 of 1st period - Derick Brassard wins face-off versus Joe Vitale in neutral zone.
0:04 of 1st period - Slapshot by Boris Mironov.
0:04 of 1st period - Shot Misses the Net.
0:26 of 1st period - Adam McQuaid is hit by Devin Setoguchi and loses puck.
1:21 of 1st period - Slapshot by Dick Tarnstrom.
1:21 of 1st period - Shot Blocked by Mike Blunden.
2:25 of 1st period - Icing by Mathieu Roy.
2:26 of 1st period - Kris Beech wins face-off versus Joe Vitale in Spitfire zone.
2:26 of 1st period - Kris Beech is hit by Jean-Michel Daoust.
2:34 of 1st period - Wrist shot by Kris Chucko.
2:34 of 1st period - Stopped by Todd Ford with a rebound.
3:40 of 1st period - Slapshot by Devin Setoguchi.
3:40 of 1st period - Shot Misses the Net.
3:42 of 1st period - Slapshot by Kevin Klein.
3:42 of 1st period - Stopped by Karri Ramo without a rebound.
3:43 of 1st period - Leo Komarov wins face-off versus Derick Brassard in Punishers zone.
3:49 of 1st period - Off-side.
3:50 of 1st period - Leo Komarov wins face-off versus Derick Brassard in neutral zone.
4:01 of 1st period - Snap shot by Martin Samuelsson.
4:01 of 1st period - Stopped by Karri Ramo without a rebound.
4:02 of 1st period - Derick Brassard wins face-off versus Joe Vitale in Punishers zone.
4:31 of 1st period - Slapshot by Boris Mironov.
4:31 of 1st period - Deflect By Devin Setoguchi.
4:31 of 1st period - Stopped by Karri Ramo without a rebound.
4:32 of 1st period - David Krejci wins face-off versus Ryan White in Punishers zone.
4:49 of 1st period - Ryan White is hit by Dick Tarnstrom and loses puck.
6:01 of 1st period - Snap shot by David Krejci.
6:01 of 1st period - Shot Misses the Net.
6:11 of 1st period - Kevin Klein is hit by Adam McQuaid and loses puck.
6:54 of 1st period - Wrist shot by David Krejci.
6:54 of 1st period - Shot Misses the Net.
7:02 of 1st period - Snap shot by Mike Blunden.
7:02 of 1st period - Shot Misses the Net.
7:14 of 1st period - Snap shot by Mike Blunden.
7:14 of 1st period - Shot Misses the Net.
7:16 of 1st period - Wrist shot by Jason Gregoire.
7:16 of 1st period - Stopped by Todd Ford with a rebound.
7:18 of 1st period - Snap shot by Jason Gregoire.
7:18 of 1st period - Shot Misses the Net.
7:20 of 1st period - Slapshot by Ryan White.
7:20 of 1st period - Shot Blocked by Kevin Klein.
7:22 of 1st period - Snap shot by Ryan White.
7:22 of 1st period - Stopped by Todd Ford without a rebound.
7:23 of 1st period - Derick Brassard wins face-off versus Joe Vitale in Spitfire zone.
7:58 of 1st period - Off-side.
7:59 of 1st period - Derick Brassard wins face-off versus Aaron Palushaj in neutral zone.
8:02 of 1st period - Wrist shot by Martin Samuelsson.
8:02 of 1st period - Deflect By Jassen Cullimore.
8:02 of 1st period - Shot Misses the Net.
8:02 of 1st period - Puck is out of play.
8:03 of 1st period - Eric Fehr wins face-off versus Leo Komarov in Punishers zone.
8:10 of 1st period - Wrist shot by Eric Fehr.
8:10 of 1st period - Stopped by Karri Ramo with a rebound.
8:12 of 1st period - Snap shot by Matt Walker.
8:12 of 1st period - Stopped by Karri Ramo without a rebound.
8:13 of 1st period - Joe Vitale wins face-off versus Derick Brassard in Punishers zone.
8:18 of 1st period - Snap shot by Matt Carkner.
8:18 of 1st period - Stopped by Todd Ford with a rebound.
8:21 of 1st period - Minor Penalty to Kris Chucko for Hooking.
8:22 of 1st period - Kirk Maltby wins face-off versus Derick Brassard in Punishers zone.
8:31 of 1st period - Snap shot by Kirk Maltby.
8:31 of 1st period - Shot Blocked by Matt Walker.
8:59 of 1st period - Wrist shot by Shawn Thornton.
8:59 of 1st period - Stopped by Todd Ford with a rebound.
9:13 of 1st period - Slapshot by Dick Tarnstrom.
9:13 of 1st period - Shot Blocked by Matt Carkner.
9:37 of 1st period - Derick Brassard is hit by Jean-Luc Grand-Pierre and loses puck.
10:21 of 1st period - Penalty to Kris Chucko is over, Kris Chucko is back on ice.
10:42 of 1st period - Snap shot by Tim Kennedy.
10:42 of 1st period - Shot Blocked by Shawn Thornton.
11:32 of 1st period - Snap shot by Adam McQuaid.
11:32 of 1st period - Stopped by Todd Ford with a rebound.
12:22 of 1st period - Tim Kennedy is hit by Shawn Thornton and loses puck.
12:35 of 1st period - Derick Brassard is hit by Stu Bickel and loses puck.
13:06 of 1st period - Kris Beech is hit by Kirk Maltby and loses puck.
13:53 of 1st period - Matt Carkner is hit by Devin Setoguchi.
14:11 of 1st period - Icing by Adam McQuaid.
14:12 of 1st period - Marc-Antoine Pouliot wins face-off versus Petteri Nokelainen in Punishers zone.
14:17 of 1st period - Wrist shot by Kirk Maltby.
14:17 of 1st period - Shot Blocked by Dick Tarnstrom.
14:19 of 1st period - Slapshot by Adam McQuaid.
14:19 of 1st period - Stopped by Todd Ford without a rebound.
14:20 of 1st period - Derick Brassard wins face-off versus Joe Vitale in Spitfire zone.
14:20 of 1st period - Derick Brassard is hit by Jean-Luc Grand-Pierre.
14:30 of 1st period - Slapshot by Martin Samuelsson.
14:30 of 1st period - Stopped by Karri Ramo without a rebound.
14:31 of 1st period - Derick Brassard wins face-off versus Joe Vitale in Punishers zone.
15:19 of 1st period - Snap shot by David Krejci.
15:19 of 1st period - Stopped by Karri Ramo without a rebound.
15:20 of 1st period - David Krejci wins face-off versus Joe Vitale in Punishers zone.
15:54 of 1st period - Slapshot by Martin Samuelsson.
15:54 of 1st period - Shot Misses the Net.
15:56 of 1st period - Wrist shot by Derick Brassard.
15:56 of 1st period - Stopped by Karri Ramo with a rebound.
17:11 of 1st period - Snap shot by Leo Komarov.
17:11 of 1st period - Goal by Leo Komarov - Spitfire : 0 - Punishers : 1.
17:12 of 1st period - Joe Vitale wins face-off versus Derick Brassard in neutral zone.
17:26 of 1st period - Wrist shot by Jassen Cullimore.
17:26 of 1st period - Shot Blocked by Martin Samuelsson.
17:45 of 1st period - Kris Beech is hit by Shawn Thornton and loses puck.
18:00 of 1st period - Snap shot by Devin Setoguchi.
18:00 of 1st period - Stopped by Karri Ramo without a rebound.
18:01 of 1st period - Ryan White wins face-off versus David Krejci in Punishers zone.
18:01 of 1st period - Ryan White is hit by Sergei Kostitsyn.
18:29 of 1st period - Snap shot by Derick Brassard.
18:29 of 1st period - Shot Misses the Net.
18:57 of 1st period - Slapshot by Jean-Luc Grand-Pierre.
18:57 of 1st period - Stopped by Todd Ford with a rebound.
19:41 of 1st period - Ryan White is hit by Dick Tarnstrom and loses puck.
19:58 of 1st period - Slapshot by Adam McQuaid.
19:58 of 1st period - Shot Blocked by Dick Tarnstrom.

2nd period


0:01 of 2nd period - Derick Brassard wins face-off versus Joe Vitale in neutral zone.
1:12 of 2nd period - Snap shot by Tim Kennedy.
1:12 of 2nd period - Shot Misses the Net.
1:14 of 2nd period - Slapshot by Keith Yandle.
1:14 of 2nd period - Shot Misses the Net.
1:16 of 2nd period - Snap shot by Marc-Antoine Pouliot.
1:16 of 2nd period - Stopped by Karri Ramo without a rebound.
1:17 of 2nd period - Joe Vitale wins face-off versus Derick Brassard in Punishers zone.
1:17 of 2nd period - Joe Vitale is hit by Eric Fehr.
2:49 of 2nd period - Snap shot by Kris Chucko.
2:49 of 2nd period - Stopped by Todd Ford with a rebound.
2:53 of 2nd period - Wrist shot by Joe Vitale.
2:53 of 2nd period - Goal by Joe Vitale - Spitfire : 0 - Punishers : 2.
2:54 of 2nd period - Eric Fehr wins face-off versus Joe Vitale in neutral zone.
3:03 of 2nd period - Snap shot by Derick Brassard.
3:03 of 2nd period - Stopped by Karri Ramo without a rebound.
3:04 of 2nd period - Joe Vitale wins face-off versus Derick Brassard in Punishers zone.
3:04 of 2nd period - Joe Vitale is hit by Derick Brassard.
3:24 of 2nd period - Slapshot by Martin Samuelsson.
3:24 of 2nd period - Shot Blocked by Matt Carkner.
3:26 of 2nd period - Wrist shot by Eric Fehr.
3:26 of 2nd period - Stopped by Karri Ramo without a rebound.
3:27 of 2nd period - Kris Beech wins face-off versus Leo Komarov in Punishers zone.
4:02 of 2nd period - Minor Penalty to Stu Bickel for Holding.
4:02 of 2nd period - Minor Penalty to Derick Brassard for Roughing.
4:03 of 2nd period - Kirk Maltby wins face-off versus Devin Setoguchi in Punishers zone.
4:14 of 2nd period - Wrist shot by Kirk Maltby.
4:14 of 2nd period - Stopped by Todd Ford without a rebound.
4:15 of 2nd period - Devin Setoguchi wins face-off versus Kirk Maltby in Spitfire zone.
4:20 of 2nd period - Wrist shot by Devin Setoguchi.
4:20 of 2nd period - Shot Blocked by Kirk Maltby.
4:22 of 2nd period - Slapshot by Dick Tarnstrom.
4:22 of 2nd period - Stopped by Karri Ramo with a rebound.
4:24 of 2nd period - Snap shot by Devin Setoguchi.
4:24 of 2nd period - Stopped by Karri Ramo with a rebound.
4:42 of 2nd period - Jassen Cullimore is hit by Eric Fehr and loses puck.
5:07 of 2nd period - Matt Walker is hit by Matt Carkner and loses puck.
5:14 of 2nd period - Wrist shot by Kris Chucko.
5:14 of 2nd period - Shot Misses the Net.
5:16 of 2nd period - Slapshot by Matt Carkner.
5:16 of 2nd period - Shot Blocked by Martin Samuelsson.
6:02 of 2nd period - Penalty to Stu Bickel is over, Stu Bickel is back on ice.
6:02 of 2nd period - Penalty to Derick Brassard is over, Derick Brassard is back on ice.
6:12 of 2nd period - Snap shot by Arron Asham.
6:12 of 2nd period - Stopped by Karri Ramo with a rebound.
6:14 of 2nd period - Snap shot by Matt Ellis.
6:14 of 2nd period - Goal by Matt Ellis - Spitfire : 1 - Punishers : 2.
6:15 of 2nd period - Derick Brassard wins face-off versus Joe Vitale in neutral zone.
6:20 of 2nd period - Snap shot by Eric Fehr.
6:20 of 2nd period - Stopped by Karri Ramo with a rebound.
6:22 of 2nd period - Wrist shot by Derick Brassard.
6:22 of 2nd period - Stopped by Karri Ramo with a rebound.
6:24 of 2nd period - Wrist shot by Derick Brassard.
6:24 of 2nd period - Deflect By Martin Samuelsson.
6:24 of 2nd period - Goal by Martin Samuelsson - Spitfire : 2 - Punishers : 2.
6:25 of 2nd period - Joe Vitale wins face-off versus Derick Brassard in neutral zone.
7:31 of 2nd period - Slapshot by Dick Tarnstrom.
7:31 of 2nd period - Stopped by Karri Ramo with a rebound.
7:33 of 2nd period - Slapshot by Keith Yandle.
7:33 of 2nd period - Stopped by Karri Ramo with a rebound.
7:53 of 2nd period - Wrist shot by Martin Samuelsson.
7:53 of 2nd period - Deflect By Derick Brassard.
7:53 of 2nd period - Stopped by Karri Ramo without a rebound.
7:54 of 2nd period - Joe Vitale wins face-off versus Derick Brassard in Punishers zone.
8:05 of 2nd period - Wrist shot by Jassen Cullimore.
8:05 of 2nd period - Stopped by Todd Ford without a rebound.
8:06 of 2nd period - Joe Vitale wins face-off versus Derick Brassard in Spitfire zone.
8:07 of 2nd period - Snap shot by Kris Chucko.
8:07 of 2nd period - Stopped by Todd Ford with a rebound.
8:13 of 2nd period - Joe Vitale is hit by Martin Samuelsson and loses puck.
8:20 of 2nd period - Snap shot by Eric Fehr.
8:20 of 2nd period - Goal by Eric Fehr - Spitfire : 3 - Punishers : 2.
8:21 of 2nd period - Kris Chucko wins face-off versus Derick Brassard in neutral zone.
8:34 of 2nd period - Snap shot by Kris Chucko.
8:34 of 2nd period - Stopped by Todd Ford with a rebound.
8:36 of 2nd period - Slapshot by Jean-Luc Grand-Pierre.
8:36 of 2nd period - Deflect By Jean-Michel Daoust.
8:36 of 2nd period - Shot Misses the Net.
8:36 of 2nd period - Puck is out of play.
8:37 of 2nd period - David Krejci wins face-off versus Leo Komarov in Spitfire zone.
8:53 of 2nd period - Icing by Adam McQuaid.
8:54 of 2nd period - Leo Komarov wins face-off versus Derick Brassard in Punishers zone.
9:10 of 2nd period - Off-side.
9:11 of 2nd period - Joe Vitale wins face-off versus Sergei Kostitsyn in neutral zone.
9:19 of 2nd period - Minor Penalty to Kevin Klein for Hooking.
9:20 of 2nd period - Kris Beech wins face-off versus Petteri Nokelainen in Spitfire zone.
9:26 of 2nd period - Minor Penalty to Kris Beech for Tripping.
9:27 of 2nd period - Arron Asham wins face-off versus Petteri Nokelainen in Spitfire zone.
11:19 of 2nd period - Penalty to Kevin Klein is over, Kevin Klein is back on ice.
11:26 of 2nd period - Penalty to Kris Beech is over, Kris Beech is back on ice.
12:08 of 2nd period - Slapshot by Kevin Klein.
12:08 of 2nd period - Shot Blocked by Jean-Michel Daoust.
12:21 of 2nd period - Off-side.
12:22 of 2nd period - David Krejci wins face-off versus Ryan White in neutral zone.
12:29 of 2nd period - Wrist shot by Devin Setoguchi.
12:29 of 2nd period - Stopped by Karri Ramo with a rebound.
13:11 of 2nd period - Wrist shot by Leo Komarov.
13:11 of 2nd period - Stopped by Todd Ford with a rebound.
13:13 of 2nd period - Snap shot by Shawn Thornton.
13:13 of 2nd period - Stopped by Todd Ford without a rebound.
13:14 of 2nd period - Joe Vitale wins face-off versus Kris Beech in Spitfire zone.
13:28 of 2nd period - Minor Penalty to Jean-Michel Daoust for Holding.
13:28 of 2nd period - Major / Game Misconduct Penalty to Matt Ellis for Unsportsmanlike conduct.
13:28 of 2nd period - Matt Ellis is ejected from game.
13:29 of 2nd period - Kirk Maltby wins face-off versus Derick Brassard in Punishers zone.
14:26 of 2nd period - Kevin Klein is hit by Petteri Nokelainen and loses puck.
14:45 of 2nd period - Boris Mironov is hit by Jassen Cullimore and loses puck.
15:06 of 2nd period - Icing by Leo Komarov.
15:07 of 2nd period - Devin Setoguchi wins face-off versus Leo Komarov in Punishers zone.
15:24 of 2nd period - Icing by Devin Setoguchi.
15:25 of 2nd period - Devin Setoguchi wins face-off versus Shawn Thornton in Spitfire zone.
15:28 of 2nd period - Penalty to Jean-Michel Daoust is over, Jean-Michel Daoust is back on ice.
15:32 of 2nd period - Slapshot by Jean-Luc Grand-Pierre.
15:32 of 2nd period - Deflect By Kirk Maltby.
15:32 of 2nd period - Shot Misses the Net.
15:32 of 2nd period - Puck is out of play.
15:33 of 2nd period - Petteri Nokelainen wins face-off versus Derick Brassard in Spitfire zone.
15:56 of 2nd period - Minor Penalty to Kirk Maltby for Roughing.
15:57 of 2nd period - Kris Chucko wins face-off versus Derick Brassard in Punishers zone.
16:10 of 2nd period - Snap shot by Eric Fehr.
16:10 of 2nd period - Shot Misses the Net.
16:24 of 2nd period - Dick Tarnstrom is hit by Shawn Thornton.
16:37 of 2nd period - Icing by Kevin Klein.
16:38 of 2nd period - David Krejci wins face-off versus Joe Vitale in Spitfire zone.
17:39 of 2nd period - Slapshot by Jean-Luc Grand-Pierre.
17:39 of 2nd period - Stopped by Todd Ford with a rebound.
17:49 of 2nd period - Snap shot by Arron Asham.
17:49 of 2nd period - Stopped by Karri Ramo with a rebound.
17:56 of 2nd period - Penalty to Kirk Maltby is over, Kirk Maltby is back on ice.
18:15 of 2nd period - Slapshot by Kirk Maltby.
18:15 of 2nd period - Shot Misses the Net.
18:25 of 2nd period - Kevin Klein is hit by Shawn Thornton and loses puck.
18:28 of 2nd period - Penalty to Matt Ellis is over, Arron Asham is send on ice.
18:54 of 2nd period - Shawn Thornton is hit by Eric Fehr and loses puck.
19:13 of 2nd period - Kirk Maltby is hit by Arron Asham and loses puck.
19:28 of 2nd period - Double Minor Penalty to Mathieu Roy for High sticking.
19:29 of 2nd period - Petteri Nokelainen wins face-off versus Kris Beech in Spitfire zone.
19:40 of 2nd period - Slapshot by Jean-Luc Grand-Pierre.
19:40 of 2nd period - Shot Blocked by Boris Mironov.
19:42 of 2nd period - Snap shot by Petteri Nokelainen.
19:42 of 2nd period - Goal by Petteri Nokelainen - Spitfire : 3 - Punishers : 3.
19:43 of 2nd period - Petteri Nokelainen wins face-off versus Kris Beech in neutral zone.

3rd period


0:01 of 3rd period - Kris Beech wins face-off versus Petteri Nokelainen in neutral zone.
0:38 of 3rd period - Snap shot by Shawn Thornton.
0:38 of 3rd period - Stopped by Todd Ford with a rebound.
1:29 of 3rd period - Icing by Ryan White.
1:30 of 3rd period - Shean Donovan wins face-off versus Petteri Nokelainen in Punishers zone.
1:34 of 3rd period - Off-side.
1:35 of 3rd period - David Krejci wins face-off versus Petteri Nokelainen in neutral zone.
1:42 of 3rd period - Penalty to Mathieu Roy is over, Mathieu Roy is back on ice.
1:48 of 3rd period - Slapshot by David Krejci.
1:48 of 3rd period - Shot Blocked by Jassen Cullimore.
1:50 of 3rd period - Slapshot by Mathieu Roy.
1:50 of 3rd period - Stopped by Karri Ramo without a rebound.
1:51 of 3rd period - Derick Brassard wins face-off versus Joe Vitale in Punishers zone.
2:14 of 3rd period - Kris Chucko is hit by Eric Fehr and loses puck.
2:27 of 3rd period - Slapshot by Adam McQuaid.
2:27 of 3rd period - Shot Misses the Net.
2:29 of 3rd period - Wrist shot by Kris Chucko.
2:29 of 3rd period - Deflect By Jean-Michel Daoust.
2:29 of 3rd period - Goal by Jean-Michel Daoust - Spitfire : 3 - Punishers : 4.
2:30 of 3rd period - Leo Komarov wins face-off versus David Krejci in neutral zone.
2:45 of 3rd period - Slapshot by David Krejci.
2:45 of 3rd period - Shot Blocked by Shawn Thornton.
3:29 of 3rd period - Matt Carkner is hit by Eric Fehr and loses puck.
3:42 of 3rd period - Wrist shot by Eric Fehr.
3:42 of 3rd period - Deflect By David Krejci.
3:42 of 3rd period - Shot Blocked by Adam McQuaid.
3:42 of 3rd period - Puck is out of play.
3:43 of 3rd period - Ryan White wins face-off versus David Krejci in Punishers zone.
3:52 of 3rd period - Wrist shot by Sergei Kostitsyn.
3:52 of 3rd period - Deflect By Devin Setoguchi.
3:52 of 3rd period - Shot Blocked by Ryan White.
3:52 of 3rd period - Puck is out of play.
3:53 of 3rd period - Derick Brassard wins face-off versus Joe Vitale in Punishers zone.
3:54 of 3rd period - Slapshot by Eric Fehr.
3:54 of 3rd period - Shot Misses the Net.
4:02 of 3rd period - Slapshot by Adam McQuaid.
4:02 of 3rd period - Deflect By Joe Vitale.
4:02 of 3rd period - Shot Blocked by Derick Brassard.
4:02 of 3rd period - Puck is out of play.
4:03 of 3rd period - Derick Brassard wins face-off versus Joe Vitale in Spitfire zone.
4:09 of 3rd period - Minor Penalty to Boris Mironov for Tripping.
4:10 of 3rd period - Kris Beech wins face-off versus Petteri Nokelainen in Spitfire zone.
4:31 of 3rd period - Petteri Nokelainen is hit by Kris Beech and loses puck.
4:44 of 3rd period - Slapshot by Jean-Luc Grand-Pierre.
4:44 of 3rd period - Stopped by Todd Ford with a rebound.
5:36 of 3rd period - Shawn Thornton is hit by Dick Tarnstrom and loses puck.
5:55 of 3rd period - Adam Pineault is hit by Shean Donovan and loses puck.
6:09 of 3rd period - Penalty to Boris Mironov is over, Boris Mironov is back on ice.
6:38 of 3rd period - Sergei Kostitsyn is hit by Leo Komarov.
9:03 of 3rd period - Adam Pineault is hit by Derick Brassard and loses puck.
9:32 of 3rd period - Mike Blunden is hit by Sergei Kostitsyn and loses puck.
9:45 of 3rd period - Stu Bickel is hit by Eric Fehr and loses puck.
10:03 of 3rd period - Adam Pineault is hit by Shean Donovan.
10:24 of 3rd period - David Krejci is hit by Andrew Bodnarchuk and loses puck.
10:41 of 3rd period - Derick Brassard is hit by Aaron Palushaj and loses puck.
10:58 of 3rd period - Jassen Cullimore is hit by Arron Asham and loses puck.
11:20 of 3rd period - Matt Walker is hit by Jean-Michel Daoust and loses puck.
11:39 of 3rd period - Martin Samuelsson is hit by Leo Komarov and loses puck.
13:25 of 3rd period - Derick Brassard is hit by Adam Pineault and loses puck.
13:30 of 3rd period - Wrist shot by Kirk Maltby.
13:30 of 3rd period - Shot Misses the Net.
13:54 of 3rd period - Marc-Antoine Pouliot is hit by Shawn Thornton and loses puck.
14:15 of 3rd period - Derick Brassard is hit by Kirk Maltby and loses puck.
14:53 of 3rd period - Snap shot by Jean-Luc Grand-Pierre.
14:53 of 3rd period - Shot Blocked by Arron Asham.
14:55 of 3rd period - Snap shot by Petteri Nokelainen.
14:55 of 3rd period - Shot Blocked by Mathieu Roy.
14:57 of 3rd period - Wrist shot by Adam Pineault.
14:57 of 3rd period - Stopped by Todd Ford with a rebound.
14:59 of 3rd period - Snap shot by Kirk Maltby.
14:59 of 3rd period - Shot Misses the Net.
15:06 of 3rd period - Icing by Matt Walker.
15:07 of 3rd period - Leo Komarov wins face-off versus David Krejci in Spitfire zone.
15:37 of 3rd period - Slapshot by Jassen Cullimore.
15:37 of 3rd period - Shot Misses the Net.
15:39 of 3rd period - Snap shot by Ryan White.
15:39 of 3rd period - Shot Misses the Net.
15:41 of 3rd period - Snap shot by Ryan White.
15:41 of 3rd period - Deflect By Jason Gregoire.
15:41 of 3rd period - Stopped by Todd Ford with a rebound.
15:43 of 3rd period - Wrist shot by Jason Gregoire.
15:43 of 3rd period - Stopped by Todd Ford without a rebound.
15:44 of 3rd period - Joe Vitale wins face-off versus Arron Asham in Spitfire zone.
15:51 of 3rd period - Snap shot by Joe Vitale.
15:51 of 3rd period - Shot Blocked by Shean Donovan.
16:14 of 3rd period - Snap shot by Derick Brassard.
16:14 of 3rd period - Shot Misses the Net.
16:16 of 3rd period - Slapshot by Martin Samuelsson.
16:16 of 3rd period - Stopped by Karri Ramo with a rebound.
16:18 of 3rd period - Wrist shot by Kevin Klein.
16:18 of 3rd period - Stopped by Karri Ramo with a rebound.
16:20 of 3rd period - Wrist shot by Derick Brassard.
16:20 of 3rd period - Stopped by Karri Ramo without a rebound.
16:21 of 3rd period - Joe Vitale wins face-off versus Kris Beech in Punishers zone.
17:11 of 3rd period - Wrist shot by Tim Kennedy.
17:11 of 3rd period - Stopped by Karri Ramo with a rebound.
17:17 of 3rd period - Slapshot by Marc-Antoine Pouliot.
17:17 of 3rd period - Stopped by Karri Ramo without a rebound.
17:18 of 3rd period - Kris Beech wins face-off versus Joe Vitale in Punishers zone.
17:55 of 3rd period - Slapshot by Ryan White.
17:55 of 3rd period - Shot Misses the Net.
18:02 of 3rd period - Minor Penalty to Aaron Palushaj for Hooking.
18:03 of 3rd period - Kirk Maltby wins face-off versus Derick Brassard in Punishers zone.
18:12 of 3rd period - Slapshot by Kirk Maltby.
18:12 of 3rd period - Shot Blocked by Derick Brassard.
18:28 of 3rd period - Devin Setoguchi is hit by Shawn Thornton.
19:02 of 3rd period - Slapshot by Jassen Cullimore.
19:02 of 3rd period - Shot Blocked by Matt Walker.
19:04 of 3rd period - Backhand shot by Jean-Luc Grand-Pierre.
19:04 of 3rd period - Shot Blocked by Matt Walker.
19:06 of 3rd period - Slapshot by Jean-Luc Grand-Pierre.
19:06 of 3rd period - Stopped by Todd Ford with a rebound.
19:22 of 3rd period - Boris Mironov is hit by Leo Komarov and loses puck.


Output by the SimonT Hockey Simulator (STHS) for François Prévost -- Original Page W3C XHTML 1.0 Valid
Hockey Simulator - Hockey Simulation - Hockey Manager